 Dungeon Crawl Stone Soup version 0.28-a0-1174-g766a6a42ef (webtiles) character file.

Game seed: 14124759133069536119

16 wakim the Cudgeller (level 2, -3/25 HPs)
             Began as a Palentonga Berserker on Dec 16, 2021.
             Was a Follower of Trog.
             Succumbed to a goblin's poison
             ... on level 1 of the Dungeon.
             The game lasted 00:03:30 (637 turns).

wakim the Cudgeller (Palentonga Berserker)           Turns: 637, Time: 00:03:30

Health: -3/25      AC:  7    Str: 20    XL:     2   Next: 37%
Magic:  2/2        EV:  5    Int:  7    God:    Trog [*.....]
Gold:   54         SH:  0    Dex:  9    Spells: 1/1 levels left

rFire   . . .      SeeInvis +   a - +0 mace
rCold   . . .      Faith    +   (no shield)
rNeg    . . .      Spirit   .   f - +0 chain mail
rPois   .          Reflect  .   (no helmet)
rElec   .          Harm     .   (no cloak)
rCorr   .          Rampage  .   (no gloves)
Will    .....                   (no barding)
Stlth   ..........              e - amulet of faith
HPRegen 0.08/turn               (no ring)
MPRegen 0.08/turn               (no ring)

@: lethally poisoned (-3 -> -22)
A: large, rugged brown scales 3, see invisible, deformed body, roll 1, armoured
tail
a: Rolling Charge, Renounce Religion, Berserk


You were on level 1 of the Dungeon.
You worshipped Trog.
Trog was aware of your devotion.
You visited 1 branch of the dungeon, and saw 1 of its levels.

You collected 54 gold pieces.

Inventory:

Hand Weapons
 a - a +0 mace (weapon)
 b - a +0 flail
Armour
 f - a +0 chain mail (worn)
Jewellery
 e - an amulet of faith (around neck)
Scrolls
 c - a scroll of enchant weapon {unknown}
 d - a scroll of vulnerability {unknown}


   Skills:
 + Level 3.1 Fighting
 * Level 3.3 Maces & Flails
 + Level 1.8 Armour
 + Level 1.8 Dodging


You had one spell level left.
You didn't know any spells.
Your spell library was empty.

Dungeon Overview and Level Annotations

Branches:
Dungeon (1/15)

Altars:


Innate Abilities, Weirdness & Mutations

You are completely covered in rugged brown scales. (AC +3, +7% HP)
You have supernaturally acute eyesight. (SInv)
Armour fits poorly on your strangely shaped body.
You can roll at nearby foes to attack.
You have a long armoured tail.


Message History

A kobold comes into view. It is wielding a +0 dagger.
The kobold shouts!
Unknown command.
You roll forward with a clatter of scales!
You thump the kobold!
You kill the kobold!
Trog accepts your kill.
A goblin comes into view. It is wielding a +1 dagger of venom.
The goblin shouts!
You roll forward with a clatter of scales!
You miss the goblin. The goblin hits you but does no damage.
You are poisoned.
You hit the goblin but do no damage.
You feel sick.
The goblin hits you with a +1 dagger of venom.
You are more poisoned.
You hit the goblin.
Your tail-slap misses the goblin.
The goblin is severely wounded.
You feel very sick.
The goblin hits you with a +1 dagger of venom.
You are lethally poisoned!
You closely miss the goblin.
The goblin is severely wounded.
* * * LOW HITPOINT WARNING * * *
You feel very sick.
The goblin hits you with a +1 dagger of venom.
* * * LOW HITPOINT WARNING * * *
You are more poisoned.
The goblin hits you but does no damage.
You hit the goblin.
You kill the goblin!
Trog accepts your kill.
* * * LOW HITPOINT WARNING * * *
You feel extremely sick.
You aren't carrying any potions.
Unknown command.
You aren't carrying any potions.
Unknown command.
Okay, then.
There is a lethal amount of poison in your body!
You die...

############
#..........#
#..........#
#..........#
#..........###
########
#.....@)......
........
####.#########
#######. #.#
#.....#. #.#
######.....#.
#.#
#..8.8...###.
#.#
#..÷÷.....##.
######.#
#...÷.....##.
#......#
#....÷....##.
#.####.####
#........÷##.


There were no monsters in sight!

Vanquished Creatures
  3 bats (D:1)
  A goblin (D:1)
  4 hobgoblins (D:1)
  A quokka (D:1)
  2 ball pythons (D:1)
  A kobold (D:1)
  2 rats (D:1)
14 creatures vanquished.

Notes
Turn   | Place    | Note
-------+----------+-------------------------------------------
     0 | D:1      | wakim the Palentonga Berserker began the quest for the Orb.
     0 | D:1      | Reached XP level 1. HP: 19/19 MP: 1/1
   567 | D:1      | Reached XP level 2. HP: 25/25 MP: 2/2
   595 | D:1      | Found a faded altar of an unknown god.
   636 | D:1      | HP: 1/25 [poisoned by a goblin]
   637 | D:1      | Succumbed to a goblin's poison

Illustrated notes

Levels and vault maps discovered:
D:1:      dpeg_arrival_boxorama, layout_basic,
          shapermc_ecumenical_altar_pompeii, minmay_misc_feat_cross,
          minmay_tripent

Action                   || total
-------------------------++-------
Melee: Mace              ||    30
       Tailslap          ||     1
 Abil: Rolling Charge    ||     8
Armor: Chain mail        ||    10
       Animal skin       ||     1
Dodge: Dodged            ||     8

Table legend: (Time is in decaauts)
 A = Elapsed time spent in this place.
 B = Non-inter-level travel time spent in this place.
 C = Inter-level travel time spent in this place.
 D = Time resting spent in this place.
 E = Time spent auto-exploring this place.
 F = Levels seen in this place.
 G = Mean time per level.
                   A        B        C        D        E       F      G
               +--------+--------+--------+--------+--------+-----+--------+
         Total |    643 |    643 |      0 |      0 |    138 |   1 |  643.0 |
       Dungeon |    643 |    643 |      0 |      0 |    138 |   1 |  643.0 |
               +--------+--------+--------+--------+--------+-----+--------+

Top non-repeatable levels by time:
     D:1: 643 daAuts
